 Dungeon Crawl Stone Soup version 0.26-a0-652-gafc20e3620 (webtiles) character file.

Game seed: 17062101324705545445

297980 Birvald the Earth Mage (level 20, -6/129 HPs)
             Began as a Gargoyle Earth Elementalist on Oct 4, 2020.
             Was the Champion of Vehumet.
             Mangled by a peacekeeper (25 damage)
             ... in the Desolation of Salt.
             The game lasted 02:32:37 (49709 turns).

Birvald the Earth Mage (GrEE)                      Turns: 49709, Time: 02:32:37

Health: -6/129     AC: 36    Str: 10    XL:     20   Next: 95%
Magic:  24/36      EV: 20    Int: 28    God:    Vehumet [******]
Gold:   3561       SH:  0    Dex: 18    Spells: 4/44 levels left

rFire    . . .     SeeInvis .   S - +9 eveningstar (drain)
rCold    + . .     Faith    .   (no shield)
rNeg     + . .     Spirit   .   H - +4 troll leather armour
rPois    ∞         Reflect  .   (helmet restricted)
rElec    +         Harm     .   d - +2 cloak {rCorr}
rCorr    +         Rampage  .   B - +3 pair of gauntlets of War {Slay+5}
MR       +++..                  X - +2 pair of boots
Stlth    ++........             M - amulet of magic regeneration
HPRegen  0.71/turn              q - ring "Ritomuzi" {+Inv rC+ Str-2 Dex+6}
MPRegen  0.50/turn              c - ring of the Mage {Wiz MR++ Int+3}

@: flying, very slightly contaminated, studying Hexes
A: big wings, horns 1, rugged brown scales 1, agile 1, blink, negative energy
resistance 1, electricity resistance, unbreathing, petrification resistance, rot
immunity, AC +15
}: 2/15 runes: decaying, gossamer
a: Stop Flying, Blink, Renounce Religion, Evoke Invisibility


You were in the Desolation of Salt.
You worshipped Vehumet.
Vehumet was exalted by your worship.
You visited 8 branches of the dungeon, and saw 36 of its levels.
You also visited: Trove, Sewer, Bailey, Gauntlet, Ice Cave and Desolation.

You collected 5297 gold pieces.
You spent 1736 gold pieces at shops.

Inventory:

Hand Weapons
 Q - a +4 eveningstar of freezing
 S - a +9 eveningstar of draining (weapon)
Missiles
 b - 1020 stones (quivered)
 F - a throwing net
Armour
 d - a +2 cloak of preservation (worn)
 A - the +0 helmet "Ucheste" {Dex+2}
   (You bought it in a shop on level 2 of the Orcish Mines)

   It affects your dexterity (+2).
 B - the +3 pair of gauntlets of War (worn) {Slay+5}
   (You found it in an ice cave)

   It affects your accuracy and damage with ranged weapons and melee attacks
   (+5).
 H - a +4 troll leather armour (worn)
 U - the +0 pair of gloves "Zydwotz" {+Blink +Inv Dex+4}
   (You found it in a Gauntlet)

   It affects your dexterity (+4).
   It lets you turn invisible.
   It lets you blink.
 X - a +2 pair of boots (worn)
Magical Staves
 u - an uncursed staff of fire
Jewellery
 c - the ring of the Mage (right hand) {Wiz MR++ Int+3}
   (You bought it in a shop on level 6 of the Dungeon)

   [ring of wizardry]

   It improves your spell success rate.
   It affects your intelligence (+3).
   It affects your resistance to hostile enchantments.
 q - the ring "Ritomuzi" (left hand) {+Inv rC+ Str-2 Dex+6}
   (You found it on level 3 of the Spider Nest)

   [ring of dexterity]

   It affects your strength (-2).
   It affects your dexterity (+6).
   It protects you from cold.
   It lets you turn invisible.
 C - the ring of Nobility {Ice rN+ Dex+3 SInv}
   (You found it on level 2 of the Swamp)

   [ring of ice]

   It enhances your ice magic.
   It affects your dexterity (+3).
   It makes you vulnerable to fire.
   It protects you from cold.
   It protects you from negative energy.
   It lets you see invisible.
 E - the ring "Jyluxoa" {rN+ Str+3 Int+3}
   (You found it in a Gauntlet)

   [ring of positive energy]

   It affects your strength (+3).
   It affects your intelligence (+3).
   It protects you from negative energy.
 M - an amulet of magic regeneration (around neck)
Wands
 k - a wand of flame (39)
 l - a wand of random effects (11)
 L - a wand of digging (10)
 N - a wand of paralysis (19)
 P - a wand of disintegration (28)
 R - a wand of polymorph (8)
 V - a wand of acid (12)
 W - a wand of iceblast (43)
Scrolls
 a - 10 scrolls of identify
 e - 24 scrolls of remove curse
 f - 5 scrolls of amnesia
 h - 7 scrolls of fog
 v - 13 scrolls of teleportation
 z - 8 scrolls of fear
 G - 13 scrolls of blinking
 J - 3 scrolls of summoning
 T - 3 scrolls of holy word
Potions
 g - 11 potions of curing
 i - a potion of heal wounds
 j - a potion of magic
 m - 6 potions of cancellation
 n - 6 potions of brilliance
 o - 6 potions of haste
 p - 5 potions of stabbing
 t - a potion of might
 x - 4 potions of resistance
 D - 5 potions of lignification
 K - 5 potions of berserk rage
Books
 O - a manual of Hexes
Miscellaneous
 r - a lightning rod (4/4)
 s - a condenser vane (2/2)
 w - a phantom mirror
 I - a tin of tremorstones (3/3)


   Skills:
 + Level 13.8 Fighting
 + Level 12.9 Maces & Flails
 - Level 6.0 Armour
 + Level 11.1 Dodging
 - Level 2.1 Stealth
 + Level 12.6 Spellcasting
 + Level 14.3 Conjurations
 - Level 5.0 Necromancy
   Level 0.7 Transmutations
 * Level 14.5 Fire Magic
 + Level 16.0 Earth Magic
 - Level 10.0 Evocations


You had 4 spell levels left.
You knew the following spells:

 Your Spells              Type           Power        Failure   Level
a - Sandblast             Erth           ######       0%          1
b - Stone Arrow           Conj/Erth      ######       0%          3
c - Lee's Rapid Deconstr  Erth           #######...   1%          5
d - Iron Shot             Conj/Erth      #######...   1%          6
e - Bolt of Magma         Conj/Fire/Erth #######...   1%          5
f - Apportation           Tloc           ###...       1%          1
g - Ignition              Fire           #######...   8%          8
h - Borgnjor's Vile Clut  Necr/Erth      ######....   1%          5
i - Starburst             Conj/Fire      #######...   1%          6

Your spell library contained the following spells:

 Spells                   Type           Power        Failure   Level
 Shatter                  Erth           #######...   45%         9
 Tornado                  Air            ###.......   100%        9
 Foxfire                  Conj/Fire      ####         0%          1
 Magic Dart               Conj           ####         0%          1
 Searing Ray              Conj           ######       0%          2
 Animate Skeleton         Necr           #####.       1%          1
 Corona                   Hex            ###....      1%          1
 Pain                     Necr           ####         1%          1
 Shock                    Conj/Air       ####         1%          1
 Summon Small Mammal      Summ           ###.         1%          1
 Corpse Rot               Necr/Air       N/A          1%          2
 Passwall                 Tmut/Erth      ######..     1%          2
 Conjure Flame            Conj/Fire      #######.     1%          3
 Dazzling Flash           Conj/Hex       ######       1%          3
 Mephitic Cloud           Conj/Pois/Air  #####...     1%          3
 Static Discharge         Conj/Air       ######..     1%          3
 Vampiric Draining        Necr           #####.....   1%          3
 Animate Dead             Necr           #####.....   1%          4
 Dispel Undead            Necr           #####...     1%          4
 Fulminant Prism          Conj/Hex       ######....   1%          4
 Hailstorm                Conj/Ice       ######..     1%          4
 Iskenderun's Mystic Bla  Conj/Tloc      ######..     1%          4
 Petrify                  Tmut/Erth      ######..     1%          4
 Sticky Flame             Conj/Fire      #######.     1%          4
 Blink                    Tloc           N/A          2%          2
 Call Imp                 Summ           ###.....     2%          2
 Ensorcelled Hibernation  Hex/Ice        ###...       2%          2
 Slow                     Hex            ###.....     2%          2
 Swiftness                Air            ###.....     2%          2
 Call Canine Familiar     Summ           ###.....     4%          3
 Confusing Touch          Hex            ###.....     4%          3
 Gell's Gravitas          Tloc           ###.......   4%          3
 Lesser Beckoning         Tloc           ###.......   4%          3
 Summon Guardian Golem    Hex/Summ       ###.....     4%          3
 Teleport Other           Tloc           ###.....     4%          3
 Tukima's Dance           Hex            ###.....     4%          3
 Airstrike                Air            ###.......   4%          4
 Cause Fear               Hex            ###.......   16%         4
 Passage of Golubria      Tloc           N/A          16%         4
 Summon Ice Beast         Ice/Summ       ###.....     16%         4
 Summon Lightning Spire   Summ/Air       ###.....     16%         4
 Fireball                 Conj/Fire      #######...   1%          5
 Lightning Bolt           Conj/Air       ######....   1%          5
 Orb of Destruction       Conj           #######...   1%          7
 Agony                    Necr           #####...     6%          5
 Excruciating Wounds      Necr           #####.....   6%          5
 Lehudib's Crystal Spear  Conj/Erth      #######...   6%          8
 Yara's Violent Unravell  Hex/Tmut       ###.......   11%         5
 Alistair's Intoxication  Tmut/Pois      ###......    34%         5
 Metabolic Englaciation   Hex/Ice        ###.......   38%         5
 Silence                  Hex/Air        ###.......   38%         5
 Fire Storm               Conj/Fire      #######...   65%         9
 Chain Lightning          Conj/Air       ######....   73%         8
 Invisibility             Hex            ###.....     91%         6
 Shadow Creatures         Summ           N/A          91%         6
 Dragon Form              Tmut           ###.......   100%        7
 Absolute Zero            Ice            ###.......   100%        9
 Dragon's Call            Summ           ###.......   100%        9
 Sublimation of Blood     Necr           Unusable     N/A         2

Dungeon Overview and Level Annotations

Branches:
Dungeon (15/15)            Temple (1/1) D:5            Lair (6/6) D:8
  Swamp (4/4) Lair:4       Spider (4/4) Lair:2        Slime (0/5) Lair:5
    Orc (2/2) D:9             Elf (3/3) Orc:2        Vaults (1/5) D:14
 Depths (0/5) D:15          Sewer (visited)          Bailey (visited)
  IceCv (visited)         Desolation (1/1)          Gauntlet (visited)

Altars:
Ashenzari
Fedhas
Gozag
Hepliaklqana
Kikubaaqudgha
Makhleb
Nemelex Xobeh
Qazlal
Sif Muna
Trog
Vehumet
Wu Jian
Xom
Yredelemnul
The Shining One
Beogh
Jiyva

Shops:
D:6 =   Orc:1 ?   Orc:2 (([(?   Elf:3 (   Vaults:1 [

Portals:
Hell: Lair:6

Annotations:
Swamp:3 3 runed translucent doors, Daoneng's ghost, adept MiFi
Elf:2 3 runed translucent doors


Innate Abilities, Weirdness & Mutations

You are resistant to torment.
Your stone body is resilient. (AC +15)
You are immune to poison.
Your large and strong wings let you fly indefinitely.
You resist negative energy. (rN+)
You are resistant to electric shocks. (rElec)
You can survive without breathing.
You are immune to petrification.
You are immune to rotting.
You have a pair of small horns on your head.
You are partially covered in rugged brown scales. (AC +1, +3% HP)
You are agile. (Dex +2)
You can translocate small distances at will.


Message History

The ragged hierophant is moderately wounded.
The fireball engulfs the ragged hierophant!!
The ragged hierophant is severely wounded.
A saltling comes into view.
The peacekeeper bites you!
* * * LOW HITPOINT WARNING * * *
The peacekeeper claws you but does no damage.
An ironbrand convoker comes into view. It is wielding a +0 morningstar.
The ragged hierophant gestures at you while chanting.
A blast of power from the earth and the peacekeeper strikes you!
* * * LOW HITPOINT WARNING * * *
The ragged hierophant casts a spell.
The ragged hierophant begins to accept its allies' injuries.
Unknown command.
Unknown command.
You feel much better.
The peacekeeper hurls a volley of spikes at you.
The volley of spikes hits you but does no damage.
The peacekeeper bites you!!
You die...

...........#....
.................
pp..p.............
§........8........#
§§.))....).........§
.§..†...)..........§
.§§...))..........§§
§§..##8.......§.§.§§
§.....)@......§.§§§8
............8.p..§§§
§§............8...§§
..............#..§§
§...).........#..§§
§..................
.§.......∩.........
§...................
.......∩..........


You could see 2 ragged hierophants, an imperial myrmidon (sheltered), an
ironbrand convoker, 2 peacekeepers and 2 saltlings.

Vanquished Creatures
  Nikola (Elf:2)
  Arachne (Spider:3)
  Jorgrun (D:12)
  An Ice Fiend (IceCv)
  2 deep elf master archers (Elf:3)
  4 deep elf blademasters
  Kirke (Spider:3)
  Agnes (D:14)
  4 thorn hunters
  A vault warden (Vaults:1)
  A fire giant (D:15)
  6 ghost moths
  6 deep elf sorcerers (Elf:3)
  6 deep elf elementalists
  6 emperor scorpions
  An orc warlord (Orc:2)
  An ironheart preserver (D:14)
  4 entropy weavers
  Azrael (Elf:2)
  4 deep elf demonologists (Elf:3)
  A minotaur (Gauntlet)
  3 spark wasps
  15 deep elf annihilators (Elf:3)
  A dire elephant (Lair:6)
  4 deep elf death magi (Elf:3)
  2 ragged hierophants (Desolation)
  Snorg (D:12)
  A great orb of eyes (D:15)
  5 deep elf high priests (Elf:3)
  2 yaktaur captains (Vaults:1)
  19 hydras
  2 rakshasas
  An ice dragon (Swamp:1)
  A vault guard (D:14)
  2 servants of whispers (Desolation)
  A ghost crab (Swamp:4)
  4 centaur warriors
  9 two-headed ogres
  Erica (D:9)
  A peacekeeper (Desolation)
  A death knight (D:15)
  2 shambling mangroves (Swamp:4)
  14 dancing weapons
  2 ogre magi (Vaults:1)
  14 alligators
  2 tengu warriors
  5 death yaks (Lair:5)
  12 deep elf knights
  Sonja (D:13)
  2 unseen horrors
  A sixfirhy (Lair:6)
  2 skeletal warriors (D:15)
  2 glowing orange brains
  A spriggan druid (Swamp:4)
  10 swamp dragons
  A swamp dragon (shapeshifter) (Elf:1)
  A wizard (Lair:6)
  6 ironbrand convokers
  8 deep elf archers
  A phantasmal warrior (D:15)
  A necromancer (D:15)
  40 deep elf magi
  4 lindwurms (Lair:4)
  19 orb spiders
  40 wolf spiders
  8 ugly things
  3 orc knights
  An oklob plant (Lair:1)
  7 orc sorcerers
  2 cyclopes
  Joseph (D:10)
  17 elephants
  6 manticores
  3 black mambas
  3 moths of wrath
  A guardian serpent (Desolation)
  An ice statue (IceCv)
  2 molten gargoyles (Lair:1)
  An apocalypse crab (Gauntlet)
  5 centaur skeletons
  2 vault sentinels (Vaults:1)
  3 torpor snails
  21 cane toads
  A gargoyle (D:15)
  2 yaktaur zombies (D:15)
  A minotaur zombie (Gauntlet)
  3 golden dragon simulacra (IceCv)
  15 demonic crawlers
  4 freezing wraiths
  5 ice devils
  9 komodo dragons
  3 rime drakes (Lair:6)
  7 yaktaurs (Vaults:1)
  A hellwing (Lair:6)
  A merfolk (shapeshifter) (Elf:1)
  6 trolls
  2 anaconda simulacra (IceCv)
  A tengu conjurer (D:13)
  2 polar bears
  4 red devils (Lair:6)
  A polar bear (shapeshifter) (D:15)
  24 jumping spiders
  2 wolf spider simulacra (IceCv)
  5 tyrant leeches
  16 hornets
  A fire giant simulacrum (Vaults:1)
  11 bog bodies
  17 slime creatures
  18 saltlings (Desolation)
  10 blink frogs
  A raiju (Gauntlet)
  A redback (shapeshifter) (Elf:3)
  4 shadows
  A fire dragon zombie (D:15)
  75 redbacks
  4 wraiths
  12 hippogriffs
  4 spriggans
  31 tarantellas
  4 air elementals
  A hog (shapeshifter) (D:14)
  A vampire (D:14)
  9 basilisks
  9 fire elementals
  3 water elementals
  4 dire elephant simulacra (IceCv)
  A wyvern (D:10)
  44 yaks
  4 hogs (Spider:3)
  3 steam dragons
  2 fire bats (Lair:1)
  19 vampire mosquitoes
  A death yak simulacrum (IceCv)
  9 insubstantial wisps (Swamp:2)
  An iron troll simulacrum (IceCv)
  A warg (Orc:2)
  2 harpy simulacra (IceCv)
  A swamp worm (shapeshifter) (Elf:1)
  14 swamp worms
  A tengu zombie (D:15)
  7 porcupines
  3 hydra simulacra (IceCv)
  12 water moccasins
  6 sky beasts
  37 orc warriors
  2 black bears
  12 hell hounds
  2 phantoms
  8 swamp drakes
  4 ice beasts
  2 eyes of draining
  11 wolves
  21 ogres
  6 centaurs
  17 crocodiles
  11 big kobolds
  15 bullfrogs
  4 gnoll sergeants (D:9)
  4 earth elementals
  A hornet simulacrum (D:15)
  A wyvern skeleton (D:9)
  5 scorpions
  An elephant simulacrum (IceCv)
  14 wights
  7 howler monkeys
  2 electric eels (Lair:1)
  A bullfrog zombie (D:8)
  2 draconian simulacra (IceCv)
  6 centaur zombies
  2 quasits
  A bullfrog skeleton (D:5)
  20 orc priests
  7 hounds
  6 jellies
  28 orc wizards
  4 iguanas
  A polar bear simulacrum (IceCv)
  11 worker ants
  7 troll simulacra (IceCv)
  A spriggan simulacrum (IceCv)
  A wolf simulacrum (IceCv)
  3 centaur simulacra (IceCv)
  A hound skeleton (D:11)
  A gnoll (D:9)
  A worker ant zombie (D:9)
  26 adders
  3 naga simulacra (IceCv)
  An ogre simulacrum (IceCv)
  7 river rats (Sewer)
  A shadow imp (D:7)
  9 white imps
  5 ufetubi
  2 oozes (D:5)
  2 adder zombies
  An adder skeleton (D:5)
  8 worms
  3 dart slugs
  8 leopard geckos
  105 orcs
  3 bats
  3 giant cockroaches (Lair:2)
  5 hobgoblins
  7 jackals
  5 quokkas
  8 ball pythons
  7 frilled lizards
  11 goblins
  43 kobolds
  22 rats
  A fire vortex (Lair:1)
1462 creatures vanquished.

Vanquished Creatures (others)
  A deep elf mage (Elf:3)
  A cane toad (Swamp:2)
  A polar bear (Lair:1)
  3 humans (Spider:3)
  A white imp (IceCv)
  An ufetubus (IceCv)
  An orc (Orc:2)
  53 fungi
  4 pillars of salt (Vaults:1)
  82 plants
  5 withered plants (D:15)
153 creatures vanquished.

Grand Total: 1615 creatures vanquished

Notes
Turn   | Place    | Note
-------+----------+-------------------------------------------
     0 | D:1      | Birvald the Gargoyle Earth Elementalist began the quest for
                  | the Orb.
     0 | D:1      | Reached XP level 1. HP: 10/10 MP: 3/3
   202 | D:1      | Reached XP level 2. HP: 13/15 MP: 3/5
   205 | D:1      | Reached skill level 4 in Earth Magic
   881 | D:2      | Reached XP level 3. HP: 8/19 MP: 0/7
   886 | D:2      | Learned a level 3 spell: Stone Arrow
  1469 | D:2      | Reached skill level 1 in Conjurations
  1603 | D:2      | Reached XP level 4. HP: 24/24 MP: 6/8
  1831 | D:2      | Found a bloodstained altar of Trog.
  2277 | D:3      | Found a glowing drain.
  2302 | D:3      | Reached skill level 5 in Earth Magic
  2318 | Sewer    | Entered a sewer
  2368 | Sewer    | Reached XP level 5. HP: 28/28 MP: 9/9
  2377 | Sewer    | Learned a level 5 spell: Lee's Rapid Deconstruction
  2766 | Sewer    | Noticed a big kobold
  2805 | Sewer    | Killed a big kobold
  3054 | Sewer    | Reached XP level 6. HP: 32/32 MP: 9/11
  3404 | Sewer    | Reached skill level 6 in Earth Magic
  3787 | Sewer    | Reached XP level 7. HP: 36/36 MP: 6/13
  5531 | D:5      | Entered Level 5 of the Dungeon
  5655 | D:5      | Found a basalt altar of Yredelemnul.
  5659 | D:5      | Found a bloodstained altar of Trog.
  5745 | D:5      | Found a staircase to the Ecumenical Temple.
  5752 | Temple   | Entered the Ecumenical Temple
  5793 | Temple   | Became a worshipper of Vehumet
  5838 | D:5      | Reached skill level 1 in Fighting
  5931 | D:5      | Reached skill level 1 in Armour
  5964 | D:5      | Reached skill level 1 in Maces & Flails
  5964 | D:5      | Reached XP level 8. HP: 43/43 MP: 8/15
  6035 | D:5      | Reached skill level 7 in Earth Magic
  6075 | D:4      | Reached skill level 5 in Spellcasting
  6742 | D:5      | Reached skill level 5 in Conjurations
  7214 | D:6      | Found a sparkling altar of Nemelex Xobeh.
  7287 | D:6      | Found a stormy altar of Qazlal.
  7383 | D:6      | Reached XP level 9. HP: 50/50 MP: 12/17
  7710 | D:6      | Found Codiar's Jewellery Emporium.
  7783 | D:6      | Reached * piety under Vehumet
  7783 | D:6      | Offered knowledge of Foxfire by Vehumet.
  8714 | D:6      | Reached skill level 8 in Earth Magic
  9238 | D:7      | Found an opulent altar of Gozag.
  9296 | D:7      | Offered knowledge of Freeze by Vehumet.
  9387 | D:7      | Reached ** piety under Vehumet
  9713 | D:7      | Reached skill level 1 in Evocations
  9754 | D:7      | Reached XP level 10. HP: 44/58 MP: 9/19
 10506 | D:8      | Found a shimmering altar of Xom.
 10513 | D:8      | Found a shimmering altar of Xom.
 10513 | D:8      | Found a shimmering altar of Xom.
 10514 | D:8      | Found a shimmering altar of Xom.
 10515 | D:8      | Found a shimmering altar of Xom.
 11137 | D:8      | Reached skill level 5 in Fighting
 11137 | D:8      | Reached skill level 5 in Armour
 11276 | D:8      | Found a staircase to the Lair.
 11811 | D:8      | Noticed a manticore
 11917 | D:9      | Offered knowledge of Inner Flame by Vehumet.
 11965 | D:9      | Noticed a two-headed ogre
 11974 | D:9      | Killed a two-headed ogre
 11974 | D:9      | Reached skill level 9 in Earth Magic
 12099 | D:9      | Reached skill level 5 in Maces & Flails
 12198 | D:9      | Reached *** piety under Vehumet
 12210 | D:9      | Got a slimy dagger
 12213 | D:9      | Identified the +3 dagger "Aqyot" {drain, rElec} (You found
                  | it on level 9 of the Dungeon)
 12289 | D:9      | Found a staircase to the Orcish Mines.
 12296 | D:9      | Reached XP level 11. HP: 64/64 MP: 6/21
 12763 | D:9      | Found a shimmering blue altar of Sif Muna.
 12872 | D:9      | Noticed a two-headed ogre
 12889 | D:9      | Killed a two-headed ogre
 12906 | D:9      | Offered knowledge of Olgreb's Toxic Radiance by Vehumet.
 12965 | D:9      | Noticed Erica
 13187 | D:9      | Killed Erica
 13187 | D:9      | Reached skill level 5 in Dodging
 13236 | D:8      | Noticed a fire crab
 13242 | D:8      | Noticed a death drake
 13242 | D:8      | a komodo dragon changed into a death drake
 13665 | D:9      | Found a glowing golden altar of the Shining One.
 13699 | D:10     | Entered Level 10 of the Dungeon
 13769 | D:10     | Noticed Joseph
 13786 | D:10     | Killed Joseph
 14221 | D:10     | Reached **** piety under Vehumet
 14430 | D:11     | Offered knowledge of Iskenderun's Mystic Blast by Vehumet.
 14682 | D:11     | Found a flagged portal.
 14729 | Bailey   | Entered a bailey
 14904 | Bailey   | Found an iron altar of Okawaru.
 15186 | D:6      | Bought the ring of the Mage {Wiz MR++ Int+3} for 672 gold
                  | pieces
 15186 | D:6      | Found the ring of the Mage {Wiz MR++ Int+3}
 15590 | D:11     | Reached skill level 10 in Earth Magic
 16203 | D:12     | Killed an unseen horror
 16203 | D:12     | Reached XP level 12. HP: 70/71 MP: 20/23
 16627 | D:12     | Noticed Jorgrun
 16652 | D:12     | Killed Jorgrun
 16730 | D:12     | Found a sparkling altar of Nemelex Xobeh.
 16794 | D:12     | Reached skill level 5 in Evocations
 16921 | D:12     | Noticed Snorg
 16927 | D:12     | Killed Snorg
 17361 | D:12     | Reached ***** piety under Vehumet
 17956 | D:13     | Noticed Sonja
 17957 | D:13     | Offered knowledge of Bolt of Magma by Vehumet.
 17969 | D:13     | Killed Sonja
 18259 | D:13     | Noticed a tengu warrior
 18299 | D:13     | Killed a tengu warrior
 18635 | D:13     | Noticed a two-headed ogre
 18641 | D:13     | Killed a two-headed ogre
 18879 | D:13     | Reached skill level 11 in Earth Magic
 19015 | D:14     | Reached XP level 13. HP: 69/78 MP: 22/25
 19392 | D:14     | Learned a level 5 spell: Bolt of Magma
 19542 | D:14     | Reached skill level 1 in Fire Magic
 19606 | D:14     | Noticed a vault guard
 19620 | D:14     | Killed a vault guard
 19676 | D:14     | Found a portal to a secret trove of treasure.
 19681 | Trove    | Entered a treasure trove
 19711 | Trove    | Found the +10 morningstar "Eos" {elec, Halo rElec}
 19751 | Trove    | Got an iridescent quick blade
 19793 | D:14     | Identified the +5 quick blade "Addases" {venom, rPois Dex-4
                  | Stlth+} (You found it in a treasure trove)
 19912 | D:14     | Noticed Agnes
 20152 | D:14     | Noticed an ironheart preserver
 20158 | D:14     | Killed an ironheart preserver
 20344 | D:14     | Killed Agnes
 20344 | D:14     | Reached skill level 10 in Conjurations
 20382 | D:14     | Found a gate to the Vaults.
 20853 | Lair:1   | Entered Level 1 of the Lair of Beasts
 21063 | Lair:1   | Gained mutation: Your large and strong wings let you fly
                  | indefinitely. [Gargoyle growth]
 21063 | Lair:1   | Reached XP level 14. HP: 56/86 MP: 4/27
 21443 | Lair:1   | You fall into a shaft and drop 1 floor!
 21508 | Lair:2   | Reached skill level 5 in Fire Magic
 21538 | Lair:2   | Found a hole to the Spider Nest.
 21653 | Lair:1   | Learned a level 5 spell: Borgnjor's Vile Clutch
 22160 | Lair:2   | Reached skill level 12 in Earth Magic
 23491 | Lair:3   | Reached skill level 1 in Necromancy
 23547 | Lair:3   | Gained mutation: You are partially covered in rugged brown
                  | scales. (AC +1, +3% HP) [potion of mutation]
 23547 | Lair:3   | Gained mutation: You can translocate small distances at
                  | will. [potion of mutation]
 23547 | Lair:3   | Gained mutation: You are partially covered in slimy green
                  | scales. (AC +2) [potion of mutation]
 23547 | Lair:3   | Gained mutation: Your mind is acute. (Int +2) [potion of
                  | mutation]
 24241 | Lair:4   | Found a gate leading to a gauntlet.
 24254 | Gauntlet | Entered a Gauntlet
 24254 | Gauntlet | Found a transporter.
 24255 | Gauntlet | Found a large runed translucent door.
 24256 | Gauntlet | Found a large runed translucent door.
 24257 | Gauntlet | Found a large runed translucent door.
 24257 | Gauntlet | Found a large runed translucent door.
 24257 | Gauntlet | Found a runed translucent door.
 24258 | Gauntlet | Found a large runed translucent door.
 24259 | Gauntlet | Found a large runed translucent door.
 24260 | Gauntlet | Found a large runed translucent door.
 24260 | Gauntlet | Found a large runed translucent door.
 24261 | Gauntlet | Found a runed translucent gate.
 24261 | Gauntlet | Found a runed translucent gate.
 24263 | Gauntlet | Found a transporter.
 24271 | Gauntlet | Found a runed translucent gate.
 24271 | Gauntlet | Found a runed translucent door.
 24272 | Gauntlet | Found a large runed translucent door.
 24272 | Gauntlet | Found a large runed translucent door.
 24273 | Gauntlet | Found a large runed translucent door.
 24274 | Gauntlet | Found a large runed translucent door.
 24278 | Gauntlet | Found a transporter.
 24283 | Gauntlet | Found a transporter.
 24300 | Gauntlet | Found a transporter.
 24315 | Gauntlet | Found a transporter.
 24330 | Gauntlet | Found a transporter.
 24336 | Gauntlet | Found a transporter.
 24351 | Gauntlet | Found a transporter.
 24360 | Gauntlet | Identified the ring "Baagra Ekha" {rElec rPois rC- Stlth+}
 24363 | Gauntlet | Found a transporter.
 24375 | Gauntlet | Found a transporter.
 24392 | Gauntlet | Found a transporter.
 24409 | Gauntlet | Found a transporter.
 24411 | Gauntlet | Found a transporter.
 24438 | Gauntlet | Found a transporter.
 24454 | Gauntlet | Found a large runed translucent door.
 24454 | Gauntlet | Found a large runed translucent door.
 24455 | Gauntlet | Found a large runed translucent door.
 24456 | Gauntlet | Found a large runed translucent door.
 24458 | Gauntlet | Found a transporter.
 24548 | Gauntlet | Found a transporter.
 24652 | Gauntlet | Found a transporter.
 24667 | Gauntlet | Got a scintillating wooden ring
 24669 | Gauntlet | Identified the ring "Jyluxoa" {rN+ Str+3 Int+3} (You found
                  | it in a Gauntlet)
 24772 | Gauntlet | Identified the cursed +0 pair of gloves "Zydwotz" {+Blink
                  | +Inv Dex+4} (You found it in a Gauntlet)
 24808 | Gauntlet | Found the +9 staff of Wucad Mu {channel}
 25303 | Lair:4   | Found a staircase to the Swamp.
 25682 | Lair:4   | Got a scintillating zirconium amulet
 25683 | Lair:4   | Identified the amulet of Ubopp {Acrobat rElec rPois rF-
                  | SInv} (You found it on level 4 of the Lair of Beasts)
 25903 | Lair:5   | Reached skill level 10 in Fighting
 26082 | Lair:5   | Reached XP level 15. HP: 53/94 MP: 12/28
 26551 | Lair:5   | Got a jewelled short sword
 26557 | Lair:5   | Identified the +8 short sword of Salex {drain, +Fly Str-4
                  | Dex+2 Stlth+} (You found it on level 5 of the Lair of
                  | Beasts)
 26621 | Lair:5   | Found a viscous altar of Jiyva.
 26621 | Lair:5   | Found a staircase to the Slime Pits.
 26848 | Lair:6   | Entered Level 6 of the Lair of Beasts
 27280 | Lair:6   | Found a burning altar of Makhleb.
 27424 | Lair:6   | Learned a level 1 spell: Apportation
 27428 | Lair:6   | Found a gateway to Hell.
 27811 | Lair:6   | Reached skill level 10 in Spellcasting
 27849 | Lair:6   | Offered knowledge of Iron Shot by Vehumet.
 27864 | Lair:6   | Learned a level 6 spell: Iron Shot
 28516 | Orc:1    | Entered Level 1 of the Orcish Mines
 28519 | Orc:1    | Found Sanesiol's Magic Scroll Boutique.
 28587 | Orc:1    | Bought a scroll of blinking for 97 gold pieces
 28587 | Orc:1    | Bought a scroll of teleportation for 39 gold pieces
 28587 | Orc:1    | Bought a scroll of identify for 26 gold pieces
 28587 | Orc:1    | Bought a scroll of blinking for 97 gold pieces
 28587 | Orc:1    | Bought a scroll of blinking for 97 gold pieces
 28587 | Orc:1    | Bought a scroll of summoning for 123 gold pieces
 28587 | Orc:1    | Bought a scroll of identify for 26 gold pieces
 28911 | Orc:2    | Entered Level 2 of the Orcish Mines
 29059 | Orc:2    | Found a staircase to the Elven Halls.
 29083 | Orc:2    | Found Guvairyr's Antique Weapon Shoppe.
 29147 | Orc:2    | Noticed an orc warlord
 29161 | Orc:2    | Killed an orc warlord
 29166 | Orc:2    | Reached skill level 13 in Earth Magic
 29298 | Orc:2    | Found Raew's Antique Weapon Boutique.
 29299 | Orc:2    | Found a roughly hewn altar of Beogh.
 29301 | Orc:2    | Found Uripoc's Antique Armour Shop.
 29313 | Orc:2    | Bought a distressingly furry helmet for 275 gold pieces
 29313 | Orc:2    | Identified the cursed +0 helmet "Ucheste" {Dex+2} (You
                  | bought it in a shop on level 2 of the Orcish Mines)
 29647 | Orc:2    | Found a roughly hewn altar of Beogh.
 30212 | Orc:2    | Found a roughly hewn altar of Beogh.
 30228 | Orc:2    | Found a roughly hewn altar of Beogh.
 30361 | Orc:2    | Found a roughly hewn altar of Beogh.
 30362 | Orc:2    | Found Zusiolam's Antique Weapon Shoppe.
 30385 | Orc:2    | Found Moelatt's Magic Scroll Boutique.
 30393 | Orc:2    | Bought a scroll of summoning for 104 gold pieces
 30393 | Orc:2    | Bought a scroll of identify for 22 gold pieces
 30393 | Orc:2    | Bought a scroll of magic mapping for 38 gold pieces
 30393 | Orc:2    | Bought a scroll of blinking for 82 gold pieces
 30393 | Orc:2    | Bought a scroll of fear for 38 gold pieces
 30465 | Orc:2    | Found a roughly hewn altar of Beogh.
 30773 | D:15     | Entered Level 15 of the Dungeon
 30825 | D:15     | Reached XP level 16. HP: 95/101 MP: 15/30
 30876 | D:15     | Reached skill level 10 in Maces & Flails
 31021 | D:15     | Found a staircase to the Depths.
 32299 | Spider:1 | Entered Level 1 of the Spider Nest
 32336 | Spider:1 | Found a frozen archway.
 32393 | Spider:1 | Reached ****** piety under Vehumet
 32409 | Spider:1 | Offered knowledge of Fireball by Vehumet.
 32488 | Spider:1 | Learned a level 5 spell: Fireball
 34093 | Spider:2 | Reached skill level 10 in Fire Magic
 34409 | Spider:2 | Reached skill level 5 in Necromancy
 34720 | Spider:3 | Noticed Kirke
 34723 | Spider:3 | Noticed a sphinx
 34724 | Spider:3 | Killed Kirke
 34724 | Spider:3 | Reached XP level 17. HP: 82/107 MP: 21/31
 34728 | Spider:3 | Noticed Arachne
 34824 | Spider:3 | Killed Arachne
 34889 | Spider:3 | Offered knowledge of Yara's Violent Unravelling by Vehumet.
 35234 | Spider:3 | Got an ancient lead ring
 35235 | Spider:3 | Identified the ring "Ritomuzi" {+Inv rC+ Str-2 Dex+6} (You
                  | found it on level 3 of the Spider Nest)
 35553 | Spider:4 | Entered Level 4 of the Spider Nest
 35816 | Swamp:1  | Entered Level 1 of the Swamp
 35838 | Swamp:1  | Found a frozen archway.
 35901 | IceCv    | Entered an ice cave
 36942 | IceCv    | Reached skill level 14 in Earth Magic
 37174 | IceCv    | Noticed an Ice Fiend
 37178 | IceCv    | Killed an Ice Fiend
 37178 | IceCv    | Offered knowledge of Spellforged Servitor by Vehumet.
 37254 | IceCv    | Found the +3 pair of gauntlets of War {Slay+5}
 38429 | Swamp:2  | Got a twitching glass ring
 38430 | Swamp:2  | Identified the ring of Nobility {Ice rN+ Dex+3 SInv} (You
                  | found it on level 2 of the Swamp)
 38781 | Swamp:3  | Found a runed translucent gate.
 38781 | Swamp:3  | Found a runed translucent gate.
 38781 | Swamp:3  | Found a runed translucent gate.
 38781 | Swamp:3  | Noticed Daoneng's ghost (adept MiFi)
 39601 | Swamp:3  | Reached XP level 18. HP: 115/115 MP: 23/33
 39803 | Swamp:3  | Offered knowledge of Lightning Bolt by Vehumet.
 39930 | Swamp:4  | Entered Level 4 of the Swamp
 40225 | Elf:1    | Entered Level 1 of the Elven Halls
 40349 | Elf:1    | Got a brightly glowing granite ring
 40350 | Elf:1    | Identified the ring of Panam {*Tele rElec MR+ MP-9} (You
                  | found it on level 1 of the Elven Halls)
 41264 | Elf:2    | Gained mutation: Your spells are a little easier to cast,
                  | but a little less powerful. [a shining eye]
 41265 | Elf:2    | Gained mutation: Scrolls take you a little longer to read.
                  | [a shining eye]
 41902 | Elf:2    | Identified the +0 robe "Vik Verph" {rElec rF+ MR- Dex+4}
                  | (You found it on level 2 of the Elven Halls)
 42204 | Elf:2    | Noticed Azrael
 42218 | Elf:2    | Killed Azrael
 42218 | Elf:2    | Reached skill level 10 in Dodging
 42397 | Elf:2    | Found a runed translucent gate.
 42403 | Elf:2    | Found a runed translucent gate.
 42403 | Elf:2    | Found a runed translucent gate.
 42403 | Elf:2    | Noticed Nikola
 42415 | Elf:2    | Killed Nikola
 42671 | Elf:3    | Entered Level 3 of the Elven Halls
 42677 | Elf:3    | Lost mutation: Scrolls take you a little longer to read.
                  | [potion of mutation]
 42677 | Elf:3    | Lost mutation: You are partially covered in slimy green
                  | scales. (AC +2) [potion of mutation]
 42677 | Elf:3    | Gained mutation: Your mind is very acute. (Int +4) [potion
                  | of mutation]
 42677 | Elf:3    | Gained mutation: You have a pair of small horns on your
                  | head. [potion of mutation]
 42677 | Elf:3    | Gained mutation: Your natural rate of healing is unusually
                  | fast. [potion of mutation]
 42678 | Elf:3    | Lost mutation: You have a pair of small horns on your head.
                  | [potion of mutation]
 42678 | Elf:3    | Lost mutation: Your spells are a little easier to cast, but
                  | a little less powerful. [potion of mutation]
 42678 | Elf:3    | Lost mutation: Your mind is very acute. (Int +4) [potion of
                  | mutation]
 42678 | Elf:3    | Lost mutation: Your mind is acute. (Int +2) [potion of
                  | mutation]
 42678 | Elf:3    | Lost mutation: Your natural rate of healing is unusually
                  | fast. [potion of mutation]
 42678 | Elf:3    | Gained mutation: You are agile. (Dex +2) [potion of
                  | mutation]
 42678 | Elf:3    | Gained mutation: You have a pair of small horns on your
                  | head. [potion of mutation]
 42786 | Elf:3    | Found Muis's Weapon Emporium.
 43018 | Elf:3    | Offered knowledge of Conjure Ball Lightning by Vehumet.
 43664 | Elf:3    | Noticed a deep elf master archer
 43667 | Elf:3    | Killed a deep elf master archer
 43667 | Elf:3    | Reached XP level 19. HP: 121/121 MP: 10/34
 44236 | Elf:3    | Reached skill level 15 in Earth Magic
 44246 | Elf:3    | Noticed a Hell Sentinel
 45013 | Elf:3    | Identified the Guide on Combat Magic and the Volcanoes
 45025 | Elf:3    | Learned a level 6 spell: Starburst
 45135 | Elf:3    | Identified Cewoops's Guide on Attacks
 45145 | Elf:3    | Identified the +9 dagger of Invincibility {vorpal, rN+}
 45788 | Elf:3    | Found Muis's Weapon Emporium.
 46683 | Spider:4 | Offered knowledge of Shatter by Vehumet.
 46683 | Spider:4 | Offered knowledge of Tornado by Vehumet.
 46683 | Spider:4 | Offered knowledge of Ignition by Vehumet.
 46701 | Spider:3 | Learned a level 8 spell: Ignition
 46886 | Spider:4 | Reached XP level 20. HP: 95/127 MP: 28/36
 47137 | Spider:4 | Reached skill level 10 in Evocations
 47332 | Spider:4 | Got a gossamer rune of Zot
 48547 | Swamp:4  | Got a decaying rune of Zot
 49140 | Vaults:1 | Entered Level 1 of the Vaults
 49343 | Vaults:1 | Found Ucwagutt's Armour Emporium.
 49673 | Vaults:1 | Found a ruined gateway.
 49682 | Desolati | Entered the Desolation of Salt
 49705 | Desolati | Reached skill level 16 in Earth Magic
 49708 | Desolati | HP: 2/129 [ragged hierophant/a resonance strike (23)]
 49709 | Desolati | Mangled by a peacekeeper

Illustrated notes

Levels and vault maps discovered:
D:1:      dpeg_arrival_refuge, layout_loops_ring, minmay_tall_x
D:2:      layout_basic, trog_book
D:3:      layout_rooms, gup_sewer_entry_glass
D:4:      layout_loops_corners, minmay_misc_feat_five
D:5:      layout_cave_pools, grunt_temple_overflow_open,
          minmay_temple_entry_enclosed_plants, serial_column_ruins,
          column_ruins_corridor_straight, column_ruins_corridor_straight,
          column_ruins_grid_1, hangedman_abyss_or_decor_stabs
D:6:      layout_loops_corners, grunt_qazlal_sundering,
          nemelex_xobeh_ov_fountains_minmay, serial_shops, shop
D:7:      layout_basic, nicolae_gozag_cash_rules_everything_around_me
D:8:      layout_gridville, xom_shifter_show, erik_lair_dragon
D:9:      layout_rooms, tgw_sif, nicolae_tso_carved_into_rock,
          kennysheep_orc_monster_closet_entryway, uniq_erica
D:10:     cheibrodos_iron_armory, layout_basic, uniq_joseph
D:11:     layout_stronghold, enter_bailey_8
D:12:     layout_basic, lemuel_tele_altar, uniq_jorgrun, uniq_snorg
D:13:     layout_gridville, uniq_sonja
D:14:     layout_roguey, skrybe_vaults_entry_preservation,
          roderic_serpentine_path, enter_trove_5, uniq_agnes
D:15:     gammafunk_depths_entry_grave, layout_loops_corners, minivault_11,
          chequers_garden, minivault_28
Temple:   regret_index_temple_waves
Lair:1:   minmay_lair_venomous_thicket, layout_chaotic_city,
          serial_bayou_ford_a, serial_bayou_shore_a, minmay_lair_oklob_chamber
Lair:2:   layout_loops_ring, nicolae_spider_entry_non_spiders
Lair:3:   layout_small_grid
Lair:4:   layout_small_grid, minmay_swamp_entry_worms, enter_volcano_3,
          gauntlet_entry_generic, minmay_lindwurm_lava, grunt_megastairs_3
Lair:5:   layout_hall_layers, dpeg_slime_entry_enclosed_altar,
          grunt_megastairs_1
Lair:6:   evil_forest, layout_cave_pods, lemuel_fruit_fields
Swamp:1:  layout_basic_swamp, portal_ice_cave_entry_dragon,
          hangedman_swamp_cone, infiniplex_staircase_pool
Swamp:2:  layout_basic_swamp, evilmike_swamp_ruin_house_2, swamp_pool2
Swamp:3:  layout_basic_swamp, ebering_ghost_rock_garden,
          evilmike_swamp_ruin_wall
Swamp:4:  swamp_basic_johnstein, layout_basic_swamp
Spider:1: layout_spider_delve, portal_ice_cave_entry_pillars_1,
          nicolae_spider_webbed_stairs
Spider:2: layout_chambers
Spider:3: layout_spider_delve, uniq_arachne, uniq_kirke
Spider:4: johnstein_spider_rune_arachne_lair
Orc:1:    layout_caves, serial_shops, nicolae_shop_stone
Orc:2:    grunt_orc_community_town_hall, layout_caves,
          grunt_orc_community_big_house_1, grunt_orc_community_big_house_1,
          grunt_orc_community_house_1, grunt_orc_community_house_1,
          grunt_orc_community_house_2, grunt_orc_community_house_3,
          grunt_orc_community_house_3, serial_shops, shop,
          nicolae_orc_lost_temple
Elf:1:    minmay_ambush_box, layout_gridlike, minivault_28, dk_noncrumbling_4,
          abandoned_shop
Elf:2:    layout_geoelf_octagon, corexii_leaking_fountain, st_stairs_12,
          evilmike_ambush [evilmike_ambush_outer_basic,
          evilmike_ambush_inner_basic], uniq_nikola, uniq_azrael
Elf:3:    nooodl_elf_gasket, layout_loops_corners, serial_shops, shop
Vaults:1: vaults_mumra_minichess, ontoclasm_vaults_ring_small, v_misc_13,
          vaults_room_semicircle, v_misc_19, nicolae_vaults_circle_grid_b,
          hangedman_vaults_nails, hangedman_vaults_snaps,
          vaults_room_fancy_cross, dpeg_vaults_monster_box,
          ontoclasm_vaults_loading_screen, nicolae_vaults_mini_display_case,
          layout_vaults_quadrants, portal_desolation_entry_garden, serial_shops,
          nicolae_shop_statue_plus, nicolae_shop_crystal, shop, shop_statue,
          nicolae_shop_stone, uniq_aizul
Desolation

Skill      XL: |  1  2  3  4  5  6  7  8  9 10 11 12 13 14 15 16 17 18 19 20 |
---------------+-------------------------------------------------------------+-----
Earth Magic    | 4 5 6 7 8 9 10 11 12 13 14 15 16 | 16.0
Conjurations   | 1 2 3 4 5 6 7 8 9 10 11 12 13 14 | 14.3
Spellcasting   | 3 4 5 6 7 8 9 10 11 12 | 12.6
Fighting       | 1 3 4 5 6 8 9 10 11 12 13 | 13.8
Armour         | 1 2 4 5 6 |  6.0
Maces & Flails | 1 2 4 5 6 7 8 9 10 11 12 | 12.9
Dodging        | 2 3 4 5 6 7 8 9 10 11 | 11.1
Evocations     | 1 2 4 5 6 7 8 9 10 | 10.0
Fire Magic     | 4 6 8 10 11 12 13 14 | 14.5
Necromancy     | 2 3 5 |  5.0
Stealth        | |  2.1
Transmutations | |  0.7

Action                   |  1- 3 |  4- 6 |  7- 9 | 10-12 | 13-15 | 16-18 | 19-21 || total
-------------------------+-------+-------+-------+-------+-------+-------+-------++-------
Melee: Short sword       |    71 |    12 |       |       |       |       |       ||    83
       Dagger            |       |   166 |   264 |   616 |    83 |       |       ||  1129
       Whip              |       |     6 |       |       |       |       |       ||     6
       Quick blade       |       |       |       |       |    53 |       |       ||    53
       Morningstar       |       |       |       |       |    54 |       |       ||    54
       Eveningstar       |       |       |       |       |   783 |   527 |   222 ||  1532
       Headbutt          |       |       |       |       |       |     3 |    44 ||    47
Throw: Throwing net      |       |       |       |     1 |       |       |       ||     1
 Cast: Sandblast         |    19 |    35 |    62 |    64 |    26 |    19 |    12 ||   237
       Stone Arrow       |       |     8 |    46 |   164 |    66 |     5 |       ||   289
       Lee's Rapid Decon |       |       |    15 |    27 |   135 |   226 |    48 ||   451
       Bolt of Magma     |       |       |       |       |    28 |    16 |     7 ||    51
       Borgnjor's Vile C |       |       |       |       |     3 |       |       ||     3
       Iron Shot         |       |       |       |       |     7 |   124 |    60 ||   191
       Fireball          |       |       |       |       |       |    37 |     4 ||    41
       Ignition          |       |       |       |       |       |       |    47 ||    47
       Starburst         |       |       |       |       |       |       |     6 ||     6
 Abil: Evoke Invisibilit |       |       |       |       |     1 |     2 |     3 ||     6
       Fly               |       |       |       |       |     1 |       |       ||     1
Evoke: Wand              |       |       |       |    10 |     3 |     4 |    12 ||    29
       Tin of tremorston |       |       |       |       |     3 |     4 |     6 ||    13
       Condenser vane    |       |       |       |       |       |     6 |     5 ||    11
  Use: Scroll            |     3 |     4 |    14 |    11 |    21 |    23 |     6 ||    82
       Potion            |       |     5 |     1 |    11 |     4 |    15 |     4 ||    40
 Stab: Sleeping          |     2 |       |     1 |     1 |     5 |     3 |       ||    12
       Invisible         |       |       |       |       |       |     3 |     1 ||     4
Armor: Robe              |    18 |    98 |   114 |   124 |       |       |       ||   354
       Troll leather arm |       |       |       |   323 |   668 |   701 |   334 ||  2026
Dodge: Dodged            |    54 |   150 |   217 |   541 |  1008 |  1016 |   495 ||  3481

Table legend: (Time is in decaauts)
 A = Elapsed time spent in this place.
 B = Non-inter-level travel time spent in this place.
 C = Inter-level travel time spent in this place.
 D = Time resting spent in this place.
 E = Time spent auto-exploring this place.
 F = Levels seen in this place.
 G = Mean time per level.
                   A        B        C        D        E       F      G
               +--------+--------+--------+--------+--------+-----+--------+
         Total |  49791 |  45553 |   4238 |  11625 |  23265 |  42 | 1185.5 |
       Dungeon |  21067 |  19054 |   2013 |   4681 |  10646 |  15 | 1404.5 |
        Temple |     73 |     41 |     32 |      0 |     32 |   1 |   73.0 |
          Lair |   7184 |   6529 |    655 |    664 |   4280 |   6 | 1197.3 |
         Swamp |   3803 |   3498 |    305 |    667 |   2082 |   4 |  950.8 |
   Spider Nest |   4790 |   4324 |    466 |   1318 |   2013 |   4 | 1197.5 |
  Orcish Mines |   2277 |   2081 |    196 |    553 |    996 |   2 | 1138.5 |
   Elven Halls |   5916 |   5348 |    568 |   1742 |   2402 |   3 | 1972.0 |
        Vaults |    538 |    538 |      0 |      0 |    123 |   1 |  538.0 |
         Trove |    105 |    105 |      0 |      0 |     18 |   1 |  105.0 |
         Sewer |   1668 |   1668 |      0 |    902 |    319 |   1 | 1668.0 |
        Bailey |    239 |    239 |      0 |     15 |     28 |   1 |  239.0 |
      Ice Cave |   1424 |   1424 |      0 |    979 |      8 |   1 | 1424.0 |
    Desolation |     25 |     25 |      0 |      0 |      2 |   1 |   25.0 |
      Gauntlet |    677 |    677 |      0 |    104 |    315 |   1 |  677.0 |
               +--------+--------+--------+--------+--------+-----+--------+

Top non-repeatable levels by time:
   Elf:3: 2904 daAuts
     D:8: 2758 daAuts
     D:4: 1849 daAuts
     D:6: 1828 daAuts
Spider:2: 1812 daAuts
   Sewer: 1668 daAuts
    D:14: 1653 daAuts
    D:12: 1604 daAuts
     D:7: 1592 daAuts
   Elf:1: 1509 daAuts
   Elf:2: 1502 daAuts
  Lair:2: 1481 daAuts
  Lair:6: 1455 daAuts
    D:13: 1454 daAuts
   IceCv: 1424 daAuts
